2814 views
Uploaded 2019-12-01 21:19:24
Game version 1.32.0.3 / 1.32.0.3.1
23:27 long 4on4 ladder game on (8)MarketSquare
Saved by iggythefisk
2814 views
Uploaded 2019-12-01 21:19:24
Game version 1.32.0.3 / 1.32.0.3.1
23:27 long 4on4 ladder game on (8)MarketSquare


166 units @ 25.8k
/ 4.1k
78 buildings @ 11k
/ 4.5k


| Scroll of Regeneration | 4 | 400 |
| Ivory Tower | 2 | 80 |
| Lesser Clarity Potion | 1 | 70 |
| Potion of Healing | 1 | 150 |
| Boots of Speed | 2 | 500 |
| Circlet of Nobility | 2 | 350 |
| Periapt of Vitality | 1 | 325 |
| Staff of Teleportation | 1 | 150 |
| total: | 14 | 2025g |
| Peasant | 17 | 1275 | / | 0 |
| Rifleman | 12 | 2460 | / | 360 |
| Gryphon Rider | 4 | 1120 | / | 280 |
| total: | 33 | 4855g | / | 640w |
| Scout Tower | 3 | 90 | / | 60 |
| Arcane Tower | 2 | 140 | / | 100 |
| Guard Tower | 2 | 140 | / | 100 |
| Altar of Kings | 2 | 360 | / | 100 |
| Barracks | 2 | 320 | / | 120 |
| Farm | 8 | 640 | / | 160 |
| Blacksmith | 1 | 140 | / | 60 |
| Lumber Mill | 1 | 120 | / | 0 |
| Arcane Vault | 1 | 130 | / | 30 |
| Town Hall | 1 | 385 | / | 205 |
| Workshop | 1 | 140 | / | 140 |
| Arcane Sanctum | 1 | 150 | / | 140 |
| Gryphon Aviary | 2 | 280 | / | 300 |
| Keep | 1 | 320 | / | 210 |
| Castle | 1 | 360 | / | 210 |
| total: | 23 | 2755g | / | 1315w |
| 0:05 | Peasant |
| 0:05 | Peasant |
| 0:11 | Altar of Kings |
| 0:18 | Altar of Kings |
| 0:29 | Peasant |
| 0:42 | Barracks |
| 0:52 | Peasant |
| 1:08 | Peasant |
| 1:20 | Farm |
| 1:28 | Peasant |
| 1:31 | Farm |
| 1:50 | Blacksmith |
| 1:55 | Peasant |
| 2:00 | Lumber Mill |
| 2:06 | Farm |
| 2:18 | Scout Tower |
| 2:21 | Scout Tower |
| 2:30 | Peasant |
| 2:49 | Arcane Tower |
| 3:07 | Rifleman |
| 3:10 | Storm Bolt |
| 3:17 | Rifleman |
| 3:39 | Black Gunpowder |
| 3:57 | Rifleman |
| 4:09 | Arcane Vault |
| 4:29 | Rifleman |
| 5:18 | Bash |
| 5:20 | Boots of Speed |
| 5:22 | Circlet of Nobility |
| 5:23 | Periapt of Vitality |
| 5:30 | Keep |
| 5:42 | Studded Leather Armor |
| 5:44 | Improved Masonry |
| 5:53 | Farm |
| 5:57 | Farm |
| 6:01 | Farm |
| 6:09 | Scout Tower |
| 6:13 | Scroll of Regeneration |
| 6:45 | Rifleman |
| 6:48 | Guard Tower |
| 7:26 | Storm Bolt |
| 7:41 | Barracks |
| 7:44 | Scroll of Regeneration |
| 7:53 | Ivory Tower |
| 8:05 | Ivory Tower |
| 8:10 | Arcane Tower |
| 8:17 | Workshop |
| 8:27 | Guard Tower |
| 9:21 | Long Rifles |
| 9:38 | Brilliance Aura |
| 9:45 | Arcane Sanctum |
| 9:53 | Gryphon Aviary |
| 10:12 | Rifleman |
| 10:12 | Rifleman |
| 10:23 | Improved Lumber Harvesting |
| 10:28 | Iron Forged Swords |
| 11:14 | Summon Water Elemental |
| 11:39 | Castle |
| 11:47 | Scroll of Regeneration |
| 11:48 | Scroll of Regeneration |
| 11:58 | Lesser Clarity Potion |
| 12:04 | Potion of Healing |
| 12:13 | Bash |
| 13:14 | Refined Gunpowder |
| 13:15 | Reinforced Leather Armor |
| 13:17 | Advanced Masonry |
| 13:34 | Staff of Teleportation |
| 13:35 | Boots of Speed |
| 13:38 | Circlet of Nobility |
| 13:53 | Rifleman |
| 13:53 | Rifleman |
| 13:57 | Farm |
| 14:00 | Farm |
| 14:31 | Brilliance Aura |
| 14:44 | Town Hall |
| 15:48 | Imbued Gunpowder |
| 16:12 | Rifleman |
| 16:13 | Rifleman |
| 17:29 | Storm Hammers |
| 18:11 | Gryphon Aviary |
| 19:07 | Gryphon Rider |
| 19:08 | Gryphon Rider |
| 19:28 | Peasant |
| 19:28 | Peasant |
| 19:28 | Peasant |
| 19:28 | Peasant |
| 19:31 | Peasant |
| 19:31 | Peasant |
| 19:31 | Peasant |
| 19:31 | Peasant |
| 19:35 | Storm Bolt |
| 19:49 | Advanced Lumber Harvesting |
| 20:48 | Rifleman |
| 21:25 | Summon Water Elemental |
| 21:43 | Gryphon Rider |
| 21:43 | Gryphon Rider |
| 22:07 | Peasant |
| 23:03 | Steel Forged Swords |
| 23:06 | Dragonhide Armor |
| Right click | 999 |
| Select group | 525 |
| Misc. action | 278 |
| Select | 254 |
| Build/train/purchase | 94 |
| Use ability | 35 |
| Assign group | 31 |
| Minimap ping | 12 |
| Item give/drop | 7 |
| Remove unit | 2 |

| Healing Salve | 1 | 100 |
| total: | 1 | 100g |
| Peon | 12 | 900 | / | 0 |
| Grunt | 7 | 1400 | / | 0 |
| Tauren | 13 | 3640 | / | 1040 |
| total: | 32 | 5940g | / | 1040w |
| Altar of Storms | 1 | 180 | / | 50 |
| Orc Burrow | 9 | 1440 | / | 360 |
| Barracks | 1 | 180 | / | 50 |
| War Mill | 1 | 205 | / | 0 |
| Great Hall | 1 | 385 | / | 185 |
| Voodoo Lounge | 1 | 130 | / | 30 |
| Tauren Totem | 1 | 135 | / | 155 |
| Stronghold | 2 | 630 | / | 380 |
| Fortress | 1 | 325 | / | 190 |
| total: | 15 | 2655g | / | 830w |
| 0:03 | Peon |
| 0:03 | Peon |
| 0:03 | Peon |
| 0:03 | Peon |
| 0:08 | Altar of Storms |
| 0:13 | Orc Burrow |
| 0:40 | Barracks |
| 0:50 | Peon |
| 1:26 | Orc Burrow |
| 1:28 | Peon |
| 1:32 | Peon |
| 1:42 | Peon |
| 1:59 | War Mill |
| 2:20 | War Stomp |
| 2:28 | Grunt |
| 2:49 | Stronghold |
| 3:09 | Grunt |
| 3:10 | Grunt |
| 3:30 | Orc Burrow |
| 4:11 | Grunt |
| 4:13 | Steel Armor |
| 4:13 | Thorium Armor |
| 4:34 | Endurance Aura |
| 4:40 | Orc Burrow |
| 4:45 | Grunt |
| 4:49 | Steel Melee Weapons |
| 4:52 | Spiked Barricades |
| 5:31 | Berserker Strength |
| 5:33 | Fortress |
| 5:43 | Orc Burrow |
| 5:46 | Orc Burrow |
| 6:36 | Grunt |
| 6:36 | Grunt |
| 6:45 | Endurance Aura |
| 7:14 | Arcanite Armor |
| 7:34 | Tauren Totem |
| 7:52 | Thorium Melee Weapons |
| 8:40 | War Stomp |
| 9:13 | Pulverize |
| 9:21 | Great Hall |
| 9:27 | Arcanite Melee Weapons |
| 9:52 | Tauren |
| 9:52 | Tauren |
| 10:29 | Endurance Aura |
| 11:05 | Tauren |
| 12:08 | Voodoo Lounge |
| 12:11 | Tauren |
| 12:11 | Tauren |
| 12:56 | Orc Burrow |
| 13:01 | Orc Burrow |
| 13:14 | Healing Salve |
| 13:31 | Peon |
| 13:31 | Peon |
| 13:31 | Peon |
| 13:31 | Peon |
| 14:24 | Orc Burrow |
| 14:53 | Tauren |
| 14:53 | Tauren |
| 16:42 | Reincarnation |
| 17:28 | Tauren |
| 17:28 | Tauren |
| 17:29 | Tauren |
| 17:29 | Tauren |
| 17:29 | Tauren |
| 17:30 | Tauren |
| 20:01 | Steel Ranged Weapons |
| 20:02 | Improved Spiked Barricades |
| 20:02 | Reinforced Defenses |
| 20:39 | War Stomp |
| 23:06 | Shockwave |
| Right click | 499 |
| Select | 248 |
| Build/train/purchase | 94 |
| Misc. action | 34 |
| Resource trade | 18 |
| Minimap ping | 14 |
| Select group | 11 |
| Use ability | 4 |
| Assign group | 3 |


| Scroll of Regeneration | 1 | 100 |
| Lesser Clarity Potion | 1 | 70 |
| Orb of Fire | 1 | 325 |
| Potion of Healing | 1 | 150 |
| Boots of Speed | 1 | 250 |
| total: | 5 | 895g |
| Peasant | 16 | 1200 | / | 0 |
| Footman | 4 | 540 | / | 0 |
| Rifleman | 13 | 2665 | / | 390 |
| Sorceress | 5 | 775 | / | 100 |
| Flying Machine | 8 | 800 | / | 240 |
| Siege Engine | 5 | 975 | / | 300 |
| Mortar Team | 4 | 720 | / | 280 |
| total: | 55 | 7675g | / | 1310w |
| Altar of Kings | 1 | 180 | / | 50 |
| Barracks | 2 | 320 | / | 120 |
| Farm | 12 | 960 | / | 240 |
| Blacksmith | 1 | 140 | / | 60 |
| Arcane Vault | 1 | 130 | / | 30 |
| Lumber Mill | 1 | 120 | / | 0 |
| Town Hall | 1 | 385 | / | 205 |
| Arcane Sanctum | 1 | 150 | / | 140 |
| Workshop | 2 | 280 | / | 280 |
| Keep | 1 | 320 | / | 210 |
| Castle | 1 | 360 | / | 210 |
| total: | 22 | 2665g | / | 1125w |
| 0:05 | Altar of Kings |
| 0:09 | Barracks |
| 0:10 | Peasant |
| 0:24 | Peasant |
| 0:27 | Farm |
| 0:40 | Peasant |
| 0:51 | Peasant |
| 0:59 | Farm |
| 1:13 | Footman |
| 1:17 | Peasant |
| 1:17 | Peasant |
| 1:32 | Footman |
| 1:41 | Farm |
| 1:47 | Peasant |
| 2:04 | Blacksmith |
| 2:06 | Storm Bolt |
| 2:26 | Footman |
| 2:30 | Farm |
| 2:31 | Peasant |
| 2:55 | Arcane Vault |
| 3:13 | Farm |
| 3:32 | Rifleman |
| 3:37 | Bash |
| 3:47 | Peasant |
| 3:47 | Peasant |
| 4:00 | Rifleman |
| 4:17 | Scroll of Regeneration |
| 4:17 | Lesser Clarity Potion |
| 4:28 | Rifleman |
| 4:30 | Rifleman |
| 4:33 | Lumber Mill |
| 4:50 | Rifleman |
| 5:25 | Rifleman |
| 5:28 | Keep |
| 5:37 | Farm |
| 5:40 | Black Gunpowder |
| 6:00 | Storm Bolt |
| 6:08 | Rifleman |
| 6:10 | Barracks |
| 6:36 | Farm |
| 6:37 | Rifleman |
| 7:02 | Studded Leather Armor |
| 7:05 | Rifleman |
| 7:05 | Rifleman |
| 7:18 | Footman |
| 8:14 | Bash |
| 8:28 | Town Hall |
| 8:34 | Long Rifles |
| 8:37 | Improved Lumber Harvesting |
| 9:05 | Boots of Speed |
| 9:08 | Rifleman |
| 9:09 | Holy Light |
| 9:25 | Arcane Sanctum |
| 10:39 | Divine Shield |
| 10:50 | Refined Gunpowder |
| 10:51 | Castle |
| 11:00 | Sorceress |
| 11:46 | Holy Light |
| 12:02 | Rifleman |
| 12:05 | Reinforced Leather Armor |
| 12:11 | Sorceress |
| 12:35 | Sorceress |
| 13:03 | Storm Bolt |
| 13:08 | Rifleman |
| 13:11 | Workshop |
| 13:19 | Sorceress Adept Training |
| 13:52 | Advanced Lumber Harvesting |
| 14:02 | Sorceress |
| 14:19 | Flying Machine |
| 14:20 | Workshop |
| 14:25 | Sorceress |
| 15:10 | Improved Masonry |
| 16:10 | Siege Engine |
| 16:43 | Farm |
| 16:45 | Farm |
| 17:24 | Siege Engine |
| 17:25 | Barrage |
| 17:49 | Farm |
| 17:49 | Farm |
| 18:12 | Siege Engine |
| 18:13 | Siege Engine |
| 18:50 | Farm |
| 19:07 | Flying Machine |
| 19:07 | Flying Machine |
| 19:07 | Flying Machine |
| 19:09 | Peasant |
| 19:09 | Peasant |
| 19:09 | Peasant |
| 19:09 | Peasant |
| 19:35 | Flying Machine |
| 19:36 | Flying Machine |
| 19:36 | Flying Machine |
| 19:36 | Flying Machine |
| 20:04 | Peasant |
| 20:04 | Peasant |
| 21:04 | Devotion Aura |
| 21:56 | Siege Engine |
| 21:58 | Mortar Team |
| 22:00 | Mortar Team |
| 22:41 | Mortar Team |
| 22:41 | Mortar Team |
| 23:07 | Orb of Fire |
| 23:08 | Potion of Healing |
| Right click | 1144 |
| Select group | 491 |
| Select | 476 |
| Build/train/purchase | 97 |
| Assign group | 42 |
| Use ability | 41 |
| Misc. action | 26 |
| Esc | 4 |
| Minimap ping | 2 |
| Item give/drop | 1 |



| Rod of Necromancy | 1 | 150 |
| Ritual Dagger | 1 | 125 |
| Potion of Mana | 2 | 400 |
| Potion of Healing | 3 | 450 |
| Scroll of Healing | 7 | 1750 |
| Scroll of Town Portal | 1 | 350 |
| Potion of Lesser Invulnerability | 2 | 300 |
| Staff of Teleportation | 1 | 150 |
| Scroll of Protection | 2 | 300 |
| total: | 20 | 3975g |
| Acolyte | 18 | 1350 | / | 0 |
| Ghoul | 10 | 1200 | / | 0 |
| Crypt Fiend | 8 | 1720 | / | 320 |
| Abomination | 2 | 480 | / | 140 |
| Frost Wyrm | 4 | 1540 | / | 480 |
| Meat Wagon | 3 | 690 | / | 150 |
| Forest Troll High Priest | 1 | 305 | / | 40 |
| total: | 46 | 7285g | / | 1130w |
| Spirit Tower | 1 | 145 | / | 40 |
| Crypt | 1 | 200 | / | 50 |
| Graveyard | 1 | 215 | / | 0 |
| Ziggurat | 8 | 1200 | / | 400 |
| Altar of Darkness | 1 | 180 | / | 50 |
| Tomb of Relics | 1 | 130 | / | 30 |
| Necropolis | 2 | 450 | / | 0 |
| Sacrificial Pit | 1 | 75 | / | 150 |
| Slaughterhouse | 1 | 140 | / | 135 |
| Boneyard | 2 | 350 | / | 400 |
| Halls of the Dead | 2 | 640 | / | 420 |
| Black Citadel | 1 | 325 | / | 230 |
| total: | 18 | 2940g | / | 1215w |
| 0:05 | Acolyte |
| 0:06 | Acolyte |
| 0:10 | Crypt |
| 0:20 | Graveyard |
| 0:39 | Ziggurat |
| 1:12 | Ghoul |
| 1:13 | Ghoul |
| 1:24 | Altar of Darkness |
| 1:35 | Ziggurat |
| 1:50 | Crypt Fiend |
| 2:12 | Tomb of Relics |
| 3:05 | Ghoul |
| 3:15 | Halls of the Dead |
| 3:27 | Death Coil |
| 3:30 | Rod of Necromancy |
| 3:53 | Crypt Fiend |
| 4:21 | Crypt Fiend |
| 4:24 | Ziggurat |
| 4:47 | Crypt Fiend |
| 4:49 | Creature Attack |
| 5:14 | Unholy Aura |
| 5:34 | Crypt Fiend |
| 5:43 | Acolyte |
| 6:37 | Frost Nova |
| 6:44 | Necropolis |
| 6:50 | Death Coil |
| 7:12 | Acolyte |
| 7:12 | Acolyte |
| 7:12 | Acolyte |
| 7:13 | Acolyte |
| 7:15 | Web |
| 7:27 | Ziggurat |
| 7:53 | Acolyte |
| 7:54 | Acolyte |
| 8:11 | Ziggurat |
| 8:12 | Ziggurat |
| 8:15 | Ziggurat |
| 8:46 | Ziggurat |
| 9:03 | Crypt Fiend |
| 9:04 | Black Citadel |
| 9:12 | Ghoul |
| 9:12 | Ghoul |
| 9:51 | Necropolis |
| 9:56 | Crypt Fiend |
| 9:56 | Crypt Fiend |
| 10:11 | Scroll of Healing |
| 10:11 | Scroll of Healing |
| 10:13 | Potion of Lesser Invulnerability |
| 10:27 | Staff of Teleportation |
| 10:51 | Dark Ritual |
| 10:54 | Death Pact |
| 11:03 | Sacrificial Pit |
| 11:38 | Slaughterhouse |
| 11:40 | Creature Carapace |
| 11:48 | Frost Nova |
| 12:20 | Acolyte |
| 12:20 | Acolyte |
| 12:21 | Acolyte |
| 12:24 | Spirit Tower |
| 12:33 | Boneyard |
| 12:34 | Boneyard |
| 12:38 | Ghoul |
| 12:39 | Ghoul |
| 13:06 | Abomination |
| 13:06 | Abomination |
| 13:09 | Unholy Armor |
| 13:20 | Acolyte |
| 13:28 | Unholy Strength |
| 13:59 | Howl of Terror |
| 14:58 | Freezing Breath |
| 14:59 | Frost Wyrm |
| 15:04 | Ghoul |
| 15:05 | Ghoul |
| 15:05 | Ghoul |
| 15:14 | Forest Troll High Priest |
| 15:33 | Cleaving Attack |
| 15:42 | Improved Creature Attack |
| 16:04 | Dark Ritual |
| 17:47 | Cannibalize |
| 17:49 | Advanced Creature Attack |
| 18:32 | Scroll of Protection |
| 18:32 | Scroll of Healing |
| 18:33 | Scroll of Healing |
| 18:34 | Scroll of Town Portal |
| 19:06 | Death Coil |
| 19:16 | Howl of Terror |
| 19:35 | Frost Wyrm |
| 19:35 | Frost Wyrm |
| 20:04 | Halls of the Dead |
| 20:56 | Frost Wyrm |
| 21:45 | Frost Nova |
| 22:09 | Scroll of Healing |
| 22:11 | Ritual Dagger |
| 22:15 | Potion of Mana |
| 22:20 | Potion of Mana |
| 22:21 | Potion of Healing |
| 22:27 | Potion of Healing |
| 22:32 | Potion of Healing |
| 22:36 | Acolyte |
| 22:36 | Acolyte |
| 22:36 | Acolyte |
| 22:37 | Acolyte |
| 22:37 | Acolyte |
| 22:49 | Exhume Corpses |
| 22:50 | Meat Wagon |
| 22:50 | Meat Wagon |
| 22:50 | Meat Wagon |
| 22:52 | Improved Creature Carapace |
| 23:02 | Scroll of Protection |
| 23:03 | Scroll of Healing |
| 23:03 | Scroll of Healing |
| 23:06 | Potion of Lesser Invulnerability |
| Right click | 632 |
| Select | 396 |
| Select group | 365 |
| Build/train/purchase | 115 |
| Misc. action | 95 |
| Use ability | 48 |
| Assign group | 26 |
| Item give/drop | 5 |
| Remove unit | 3 |
| Minimap ping | 3 |
104 units @ 10.5k
/ 0.7k
159 buildings @ 11.6k
/ 5.4k


| Wisp | 23 | 1380 | / | 0 |
| Archer | 9 | 1170 | / | 90 |
| Hippogryph | 6 | 960 | / | 120 |
| Huntress | 2 | 390 | / | 40 |
| Acolyte | 2 | 150 | / | 0 |
| Ghoul | 5 | 600 | / | 0 |
| Crypt Fiend | 8 | 1720 | / | 320 |
| Gargoyle | 3 | 525 | / | 90 |
| total: | 58 | 6895g | / | 660w |
| Ancient Protector | 7 | 945 | / | 560 |
| Ancient of War | 2 | 300 | / | 120 |
| Altar of Elders | 1 | 180 | / | 50 |
| Moon Well | 7 | 1260 | / | 280 |
| Hunter's Hall | 1 | 210 | / | 100 |
| Tree of Life | 1 | 340 | / | 185 |
| Ancient of Wind | 2 | 300 | / | 280 |
| Tree of Ages | 1 | 320 | / | 180 |
| Spirit Tower | 3 | 435 | / | 120 |
| Nerubian Tower | 1 | 100 | / | 20 |
| Ziggurat | 6 | 900 | / | 300 |
| Crypt | 2 | 400 | / | 100 |
| Graveyard | 1 | 215 | / | 0 |
| Altar of Darkness | 1 | 180 | / | 50 |
| Halls of the Dead | 1 | 320 | / | 210 |
| total: | 31 | 5230g | / | 2025w |
| 0:07 | Wisp |
| 0:07 | Wisp |
| 0:07 | Wisp |
| 0:08 | Wisp |
| 0:09 | Wisp |
| 0:32 | Acolyte |
| 0:32 | Acolyte |
| 0:46 | Ziggurat |
| 0:47 | Ziggurat |
| 1:03 | Ancient of War |
| 1:05 | Altar of Elders |
| 1:08 | Moon Well |
| 1:12 | Wisp |
| 1:17 | Crypt |
| 1:35 | Graveyard |
| 1:52 | Moon Well |
| 1:53 | Moon Well |
| 2:09 | Wisp |
| 2:10 | Wisp |
| 2:19 | Crypt |
| 2:24 | Ghoul |
| 2:25 | Ghoul |
| 2:39 | Ancient of War |
| 2:44 | Wisp |
| 2:45 | Wisp |
| 2:45 | Wisp |
| 2:59 | Spirit Tower |
| 3:09 | Trueshot Aura |
| 3:17 | Hunter's Hall |
| 3:33 | Ziggurat |
| 3:34 | Ziggurat |
| 3:37 | Ghoul |
| 3:53 | Archer |
| 4:00 | Wisp |
| 4:09 | Ghoul |
| 4:18 | Unholy Strength |
| 4:22 | Archer |
| 4:26 | Tree of Ages |
| 4:42 | Spirit Tower |
| 4:44 | Spirit Tower |
| 4:51 | Archer |
| 5:03 | Ancient Protector |
| 5:05 | Ancient Protector |
| 5:34 | Archer |
| 5:43 | Strength of the Moon |
| 5:44 | Moon Armor |
| 5:50 | Ghoul |
| 5:54 | Creature Attack |
| 6:04 | Altar of Darkness |
| 6:43 | Archer |
| 6:52 | Ancient of Wind |
| 6:53 | Ancient of Wind |
| 7:05 | Crypt Fiend |
| 7:07 | Halls of the Dead |
| 7:21 | Searing Arrows |
| 7:54 | Improved Bows |
| 7:56 | Wisp |
| 7:59 | Moon Well |
| 8:16 | Crypt Fiend |
| 8:23 | Ziggurat |
| 8:24 | Ziggurat |
| 8:28 | Spiked Carapace |
| 8:53 | Searing Arrows |
| 9:00 | Hippogryph |
| 9:03 | Improved Strength of the Moon |
| 9:15 | Wisp |
| 9:25 | Crypt Fiend |
| 9:42 | Tree of Life |
| 9:52 | Moon Well |
| 10:09 | Gargoyle |
| 10:12 | Crypt Fiend |
| 10:19 | Entangling Roots |
| 10:26 | Hippogryph |
| 12:22 | Archer |
| 12:22 | Archer |
| 12:23 | Archer |
| 12:23 | Archer |
| 12:32 | Wisp |
| 12:32 | Wisp |
| 12:39 | Crypt Fiend |
| 12:39 | Crypt Fiend |
| 12:43 | Creature Carapace |
| 12:49 | Wisp |
| 13:09 | Ancient Protector |
| 13:10 | Ancient Protector |
| 13:14 | Wisp |
| 13:14 | Wisp |
| 13:14 | Wisp |
| 13:31 | Hippogryph |
| 13:49 | Crypt Fiend |
| 13:52 | Improved Creature Attack |
| 13:59 | Wisp |
| 14:08 | Hippogryph |
| 14:32 | Crypt Fiend |
| 14:48 | Hippogryph |
| 15:01 | Hippogryph |
| 15:13 | Moon Well |
| 15:39 | Thorns Aura |
| 15:54 | Wisp |
| 15:54 | Wisp |
| 16:04 | Ancient Protector |
| 16:05 | Ancient Protector |
| 16:12 | Moon Well |
| 17:06 | Nerubian Tower |
| 17:13 | Ancient Protector |
| 17:35 | Gargoyle |
| 17:50 | Huntress |
| 17:52 | Improved Moon Armor |
| 18:14 | Gargoyle |
| 18:25 | Huntress |
| Select | 245 |
| Right click | 230 |
| Build/train/purchase | 93 |
| Use ability | 20 |
| Misc. action | 9 |



| Scroll of Regeneration | 1 | 100 |
| Lesser Clarity Potion | 1 | 70 |
| Staff of Sanctuary | 3 | 750 |
| Orb of Fire | 2 | 650 |
| Boots of Speed | 3 | 750 |
| Staff of Teleportation | 3 | 450 |
| Periapt of Vitality | 1 | 325 |
| total: | 14 | 3095g |
| Peasant | 20 | 1500 | / | 0 |
| Priest | 1 | 135 | / | 10 |
| total: | 21 | 1635g | / | 10w |
| Scout Tower | 31 | 930 | / | 620 |
| Arcane Tower | 2 | 140 | / | 100 |
| Guard Tower | 12 | 840 | / | 600 |
| Altar of Kings | 1 | 180 | / | 50 |
| Farm | 5 | 400 | / | 100 |
| Lumber Mill | 1 | 120 | / | 0 |
| Arcane Vault | 2 | 260 | / | 60 |
| Town Hall | 1 | 385 | / | 205 |
| Arcane Sanctum | 1 | 150 | / | 140 |
| Keep | 2 | 640 | / | 420 |
| Castle | 2 | 720 | / | 420 |
| total: | 42 | 2425g | / | 1175w |
| 0:03 | Peasant |
| 0:03 | Peasant |
| 0:13 | Altar of Kings |
| 0:16 | Farm |
| 0:19 | Peasant |
| 0:38 | Peasant |
| 0:49 | Scout Tower |
| 0:54 | Peasant |
| 0:57 | Lumber Mill |
| 1:03 | Peasant |
| 1:17 | Arcane Tower |
| 1:19 | Scout Tower |
| 1:20 | Peasant |
| 1:20 | Peasant |
| 1:36 | Farm |
| 1:38 | Scout Tower |
| 1:40 | Peasant |
| 1:49 | Peasant |
| 2:04 | Scout Tower |
| 2:05 | Peasant |
| 2:09 | Farm |
| 2:19 | Peasant |
| 2:45 | Guard Tower |
| 2:50 | Scout Tower |
| 2:51 | Scout Tower |
| 2:57 | Storm Bolt |
| 3:01 | Scout Tower |
| 3:15 | Peasant |
| 3:16 | Peasant |
| 3:22 | Guard Tower |
| 3:47 | Guard Tower |
| 3:48 | Scout Tower |
| 3:49 | Scout Tower |
| 3:52 | Improved Masonry |
| 3:52 | Advanced Masonry |
| 3:57 | Keep |
| 4:04 | Imbued Masonry |
| 4:14 | Arcane Vault |
| 4:18 | Scout Tower |
| 4:19 | Scout Tower |
| 4:39 | Boots of Speed |
| 4:42 | Bash |
| 4:51 | Guard Tower |
| 5:02 | Farm |
| 5:05 | Farm |
| 5:21 | Scroll of Regeneration |
| 5:22 | Lesser Clarity Potion |
| 6:43 | Peasant |
| 6:44 | Peasant |
| 7:38 | Holy Light |
| 7:48 | Town Hall |
| 7:50 | Scout Tower |
| 7:51 | Scout Tower |
| 7:52 | Scout Tower |
| 7:53 | Scout Tower |
| 7:54 | Scout Tower |
| 7:54 | Scout Tower |
| 7:55 | Scout Tower |
| 7:56 | Scout Tower |
| 8:09 | Castle |
| 8:34 | Guard Tower |
| 8:37 | Scout Tower |
| 8:58 | Staff of Teleportation |
| 8:59 | Boots of Speed |
| 9:16 | Guard Tower |
| 9:28 | Scout Tower |
| 9:37 | Arcane Sanctum |
| 9:45 | Storm Bolt |
| 10:01 | Guard Tower |
| 10:57 | Magic Sentry |
| 11:03 | Staff of Teleportation |
| 11:04 | Periapt of Vitality |
| 11:25 | Priest |
| 11:59 | Guard Tower |
| 12:10 | Staff of Sanctuary |
| 12:24 | Arcane Vault |
| 12:39 | Siphon Mana |
| 12:50 | Staff of Sanctuary |
| 13:18 | Boots of Speed |
| 13:18 | Staff of Teleportation |
| 14:47 | Divine Shield |
| 15:29 | Staff of Sanctuary |
| 15:33 | Orb of Fire |
| 15:36 | Scout Tower |
| 15:36 | Scout Tower |
| 15:37 | Scout Tower |
| 15:38 | Scout Tower |
| 15:40 | Scout Tower |
| 15:52 | Orb of Fire |
| 16:24 | Scout Tower |
| 16:25 | Scout Tower |
| 16:25 | Scout Tower |
| 16:26 | Scout Tower |
| 16:27 | Scout Tower |
| 17:39 | Guard Tower |
| 19:32 | Peasant |
| 19:32 | Peasant |
| 19:33 | Peasant |
| 19:33 | Peasant |
| 22:11 | Bash |
| 22:15 | Flame Strike |
| 22:34 | Holy Light |
| Right click | 1448 |
| Select | 488 |
| Select group | 315 |
| Build/train/purchase | 121 |
| Use ability | 67 |
| Assign group | 49 |
| Misc. action | 25 |
| Item give/drop | 7 |
| Resource trade | 5 |
| Esc | 4 |
| Minimap ping | 2 |
iggythefisk
(23:22) : 


x1)
| Scroll of Regeneration | 2 | 200 |
| Staff of Sanctuary | 2 | 500 |
| Orb of Fire | 1 | 325 |
| Potion of Healing | 1 | 150 |
| Boots of Speed | 3 | 750 |
| Staff of Teleportation | 3 | 450 |
| Tome of Retraining | 1 | 300 |
| total: | 13 | 2675g |
| Peasant | 24 | 1800 | / | 0 |
| Priest | 1 | 135 | / | 10 |
| total: | 25 | 1935g | / | 10w |
| Scout Tower | 74 | 2220 | / | 1480 |
| Arcane Tower | 4 | 280 | / | 200 |
| Guard Tower | 26 | 1820 | / | 1300 |
| Altar of Kings | 1 | 180 | / | 50 |
| Farm | 4 | 320 | / | 80 |
| Lumber Mill | 1 | 120 | / | 0 |
| Town Hall | 1 | 385 | / | 205 |
| Arcane Vault | 3 | 390 | / | 90 |
| Arcane Sanctum | 1 | 150 | / | 140 |
| Gryphon Aviary | 1 | 140 | / | 150 |
| Keep | 2 | 640 | / | 420 |
| Castle | 2 | 720 | / | 420 |
| total: | 86 | 3905g | / | 2195w |
| 0:02 | Peasant |
| 0:10 | Altar of Kings |
| 0:12 | Peasant |
| 0:30 | Farm |
| 0:37 | Lumber Mill |
| 0:38 | Peasant |
| 0:39 | Peasant |
| 0:58 | Peasant |
| 1:05 | Farm |
| 1:17 | Peasant |
| 1:21 | Scout Tower |
| 1:24 | Scout Tower |
| 1:25 | Peasant |
| 1:35 | Peasant |
| 1:40 | Peasant |
| 1:52 | Scout Tower |
| 1:55 | Peasant |
| 2:01 | Arcane Tower |
| 2:11 | Summon Water Elemental |
| 2:15 | Peasant |
| 2:15 | Arcane Tower |
| 2:19 | Scout Tower |
| 2:24 | Peasant |
| 2:43 | Peasant |
| 2:44 | Improved Masonry |
| 2:46 | Guard Tower |
| 2:46 | Guard Tower |
| 2:50 | Scout Tower |
| 2:52 | Scout Tower |
| 3:00 | Peasant |
| 3:23 | Guard Tower |
| 3:24 | Scout Tower |
| 4:15 | Town Hall |
| 4:17 | Scout Tower |
| 4:26 | Boots of Speed |
| 4:27 | Staff of Teleportation |
| 4:43 | Farm |
| 4:45 | Arcane Tower |
| 4:46 | Scout Tower |
| 4:48 | Scout Tower |
| 5:06 | Scout Tower |
| 5:07 | Scout Tower |
| 5:07 | Scout Tower |
| 5:11 | Brilliance Aura |
| 5:20 | Arcane Vault |
| 5:26 | Guard Tower |
| 5:29 | Scout Tower |
| 5:30 | Scout Tower |
| 5:48 | Keep |
| 6:02 | Guard Tower |
| 6:22 | Guard Tower |
| 6:25 | Guard Tower |
| 6:26 | Scout Tower |
| 6:27 | Scout Tower |
| 6:28 | Scout Tower |
| 6:40 | Scout Tower |
| 6:41 | Scout Tower |
| 6:43 | Guard Tower |
| 6:44 | Peasant |
| 6:45 | Peasant |
| 6:45 | Peasant |
| 7:06 | Peasant |
| 7:06 | Guard Tower |
| 7:09 | Arcane Vault |
| 7:17 | Scout Tower |
| 7:19 | Guard Tower |
| 7:40 | Arcane Tower |
| 7:43 | Peasant |
| 7:43 | Peasant |
| 8:06 | Guard Tower |
| 8:14 | Scout Tower |
| 8:14 | Scout Tower |
| 8:15 | Scout Tower |
| 8:38 | Scout Tower |
| 8:39 | Scout Tower |
| 8:40 | Scout Tower |
| 8:43 | Scout Tower |
| 8:43 | Scout Tower |
| 8:45 | Scout Tower |
| 8:46 | Scout Tower |
| 8:58 | Guard Tower |
| 8:59 | Scout Tower |
| 9:00 | Scout Tower |
| 9:00 | Scout Tower |
| 9:05 | Boots of Speed |
| 9:13 | Improved Lumber Harvesting |
| 9:14 | Advanced Masonry |
| 9:44 | Castle |
| 9:48 | Storm Bolt |
| 10:03 | Summon Water Elemental |
| 10:41 | Guard Tower |
| 10:47 | Guard Tower |
| 10:58 | Scout Tower |
| 11:02 | Peasant |
| 11:04 | Peasant |
| 11:35 | Guard Tower |
| 11:40 | Scout Tower |
| 11:40 | Scout Tower |
| 11:54 | Scout Tower |
| 11:55 | Scout Tower |
| 12:06 | Imbued Masonry |
| 12:06 | Advanced Lumber Harvesting |
| 12:15 | Bash |
| 12:30 | Boots of Speed |
| 12:30 | Staff of Teleportation |
| 12:37 | Guard Tower |
| 12:39 | Guard Tower |
| 12:41 | Guard Tower |
| 12:46 | Scout Tower |
| 12:46 | Scout Tower |
| 12:50 | Scout Tower |
| 12:50 | Scout Tower |
| 12:53 | Scroll of Regeneration |
| 12:53 | Staff of Sanctuary |
| 12:58 | Orb of Fire |
| 13:05 | Arcane Vault |
| 13:14 | Holy Light |
| 13:50 | Guard Tower |
| 13:52 | Arcane Sanctum |
| 14:07 | Scout Tower |
| 14:07 | Scout Tower |
| 14:34 | Scout Tower |
| 14:35 | Scout Tower |
| 14:35 | Scout Tower |
| 14:35 | Scout Tower |
| 14:36 | Scout Tower |
| 14:37 | Scout Tower |
| 14:37 | Scout Tower |
| 15:12 | Guard Tower |
| 15:14 | Scout Tower |
| 15:15 | Scout Tower |
| 15:24 | Magic Sentry |
| 15:27 | Scout Tower |
| 15:27 | Scout Tower |
| 15:28 | Scout Tower |
| 15:40 | Divine Shield |
| 17:21 | Guard Tower |
| 17:22 | Scout Tower |
| 17:23 | Scout Tower |
| 17:38 | Guard Tower |
| 17:39 | Scout Tower |
| 17:47 | Scroll of Regeneration |
| 17:50 | Staff of Sanctuary |
| 18:00 | Guard Tower |
| 18:13 | Staff of Teleportation |
| 18:19 | Tome of Retraining |
| 18:19 | Retrain Hero |
| 18:21 | Blizzard |
| 18:21 | Brilliance Aura |
| 18:26 | Guard Tower |
| 18:29 | Scout Tower |
| 18:30 | Scout Tower |
| 18:33 | Priest Adept Training |
| 18:37 | Farm |
| 18:41 | Guard Tower |
| 19:16 | Storm Bolt |
| 20:38 | Scout Tower |
| 20:39 | Scout Tower |
| 20:39 | Scout Tower |
| 20:40 | Scout Tower |
| 20:40 | Scout Tower |
| 20:40 | Scout Tower |
| 20:48 | Guard Tower |
| 20:52 | Gryphon Aviary |
| 20:56 | Scout Tower |
| 20:57 | Scout Tower |
| 20:58 | Scout Tower |
| 20:58 | Scout Tower |
| 20:59 | Scout Tower |
| 20:59 | Scout Tower |
| 21:05 | Priest |
| 21:20 | Potion of Healing |
| 22:02 | Brilliance Aura |
| 22:48 | Peasant |
| 22:48 | Peasant |
| Right click | 1287 |
| Select group | 589 |
| Select | 440 |
| Assign group | 218 |
| Build/train/purchase | 140 |
| Use ability | 73 |
| Chat | 43 |
| Resource trade | 21 |
| Misc. action | 20 |
| Item give/drop | 6 |
| Minimap ping | 3 |